 Dungeon Crawl Stone Soup version 0.27.1-35-g4d5d836560 (webtiles) character file.

Game seed: 15206672345292535692

31418 CrazyMind the Thaumaturge (level 13, -10/81 HPs)
             Began as an Octopode Earth Elementalist on July 10, 2022.
             Was an Initiate of Gozag.
             Mangled by a yak (14 damage)
             ... on level 4 of the Lair of Beasts.
             The game lasted 02:08:12 (26197 turns).

CrazyMind the Thaumaturge (OpEE)                   Turns: 26197, Time: 02:08:12

Health: -10/81     AC:  1    Str:  8    XL:     13   Next: 58%
Magic:  28/28      EV: 15    Int: 22    God:    Gozag
Gold:   1487       SH:  5    Dex: 12    Spells: 4/35 levels left

rFire    . . .     SeeInvis .   K - +2 dagger (venom)
rCold    + . .     Faith    .   (no shield)
rNeg     . . .     Spirit   .   (helmet restricted)
rPois    .         Reflect  +   D - amulet of reflection
rElec    .         Harm     .   l - ring of protection from cold
rCorr    +         Rampage  .   Q - ring of resist corrosion
Will     .....                  (no ring)
Stlth    +++++.....             (no ring)
HPRegen  0.23/turn              (no ring)
MPRegen  0.21/turn              (no ring)
                                (no ring)
                                (no ring)

@: no status effects
A: almost no armour, amphibious, 8 rings, camouflage 1, gelatinous body 1,
(nimble swimmer 1), tentacles
a: Renounce Religion, Potion Petition, Call Merchant, Bribe Branch


You were on level 4 of the Lair of Beasts.
You worshipped Gozag.
Gozag was most pleased with you.
You visited 3 branches of the dungeon, and saw 16 of its levels.

You collected 3080 gold pieces.
You spent 120 gold pieces at shops.
You paid 1473 gold pieces to Gozag.

Inventory:

Hand Weapons
 f - a +2 dagger of flaming
 r - a +2 dagger of draining
 x - a +4 quarterstaff of chaos
 K - a +2 dagger of venom (weapon)
 L - a +4 dagger of speed
 N - the +4 spear of the Forsaken Leylines {venom, rC++ Will- Int+4 Dex+3}
   (You found it on level 1 of the Lair of Beasts)

   It poisons the flesh of those it strikes.
   Int:       It affects your intelligence (+4).
   Dex:       It affects your dexterity (+3).
   rC:        It greatly protects you from cold.
   Will:      It decreases your willpower.
 P - the +8 falchion of Dawn {flame, rF+}
   (You found it on level 2 of the Lair of Beasts)

   It burns those it strikes, dealing additional fire damage.
   Big, fiery blades are also staple armaments of hydra-hunters.
   rF:        It protects you from fire.
Missiles
 b - 327 stones
 c - 6 boomerangs (quivered)
 j - 8 curare-tipped darts
 n - 52 poisoned darts
 t - 7 atropa-tipped darts
 A - 3 throwing nets
 C - 4 boomerangs of dispersal
 J - 2 silver boomerangs
 O - 3 javelins
Armour
 y - a +0 kite shield
 V - a +2 tower shield of protection
Magical Staves
 d - a staff of cold
Jewellery
 l - a ring of protection from cold (left tentacle)
 D - an amulet of reflection (around mantle)
 Q - a ring of resist corrosion (right tentacle)
 W - an amulet of regeneration
Wands
 w - a wand of iceblast (38)
 z - a wand of polymorph (16)
 I - a wand of flame (40)
 S - a wand of mindburst (20)
 U - a wand of paralysis (11)
Scrolls
 a - a scroll of enchant armour
 i - a scroll of holy word
 o - 3 scrolls of fog
 p - a scroll of silence
 v - 3 scrolls of teleportation
 B - 4 scrolls of enchant weapon {unknown}
 E - a scroll of vulnerability
 F - 3 scrolls of amnesia
 T - a scroll of immolation {unknown}
Potions
 e - 3 potions of heal wounds
 g - a potion of invisibility
 h - 2 potions of resistance
 k - 3 potions of mutation
 m - 6 potions of curing
 q - a potion of might {unknown}
 s - 3 potions of lignification
 u - 3 potions of berserk rage
 G - 2 potions of brilliance
 R - a potion of cancellation


   Skills:
 + Level 4.4 Fighting
 - Level 2.0 Short Blades
 - Level 2.0 Throwing
 * Level 7.0 Dodging
 + Level 9.2 Stealth
 - Level 1.0 Shields
 * Level 11.7 Spellcasting
 * Level 8.7 Conjurations
 - Level 2.0 Hexes
 + Level 5.3 Transmutations
 + Level 3.9 Fire Magic
 + Level 10.9 Earth Magic
 + Level 4.0 Poison Magic


You had 4 spell levels left.
You knew the following spells:

 Your Spells              Type           Power      Damage    Failure   Level
a - Sandblast             Erth           100%       2d20      1%          1
b - Passwall              Tmut/Erth      40%        N/A       1%          2
c - Stone Arrow           Conj/Erth      100%       3d13      1%          3
d - Petrify               Tmut/Erth      48%        N/A       1%          4
e - Leda's Liquefaction   Hex/Erth       20%        N/A       3%          4
f - Mephitic Cloud        Conj/Pois/Air  31%        N/A       2%          3
g - Ignite Poison         Fire/Tmut/Pois 32%        N/A       2%          3
h - Poisonous Vapours     Pois/Air       42%        N/A       3%          2
i - Bolt of Magma         Conj/Fire/Erth 23%        4d11      5%          5
j - Olgreb's Toxic Radia  Pois           30%        N/A       10%         4

Your spell library contained the following spells:

 Spells                   Type           Power      Damage    Failure   Level
 Shock                    Conj/Air       100%       1d9       1%          1
 Sting                    Tmut/Pois      100%       1d8       1%          1
 Freeze                   Ice            48%        1d7       4%          1
 Hailstorm                Conj/Ice       32%        3d8       9%          4
 Portal Projectile        Hex/Tloc       34%        N/A       10%         3
 Summon Guardian Golem    Hex/Summ       17%        N/A       10%         3
 Call Canine Familiar     Summ           12%        N/A       16%         3
 Frozen Ramparts          Ice            24%        1d4       16%         3
 Gell's Gravitas          Tloc           6%         N/A       16%         3
 Lesser Beckoning         Tloc           6%         N/A       16%         3
 Swiftness                Air            12%        N/A       16%         3
 Teleport Other           Tloc           12%        N/A       16%         3
 Airstrike                Air            6%         N/A       45%         4
 Orb of Destruction       Conj           25%        9d10      77%         7
 Invisibility             Hex            10%        N/A       98%         6
 Spellforged Servitor     Conj/Summ      16%        N/A       100%        7


Dungeon Overview and Level Annotations

Branches:
Dungeon (10/15)            Temple (1/1) D:5            Lair (5/6) D:9
 Shoals (0/4) Lair:3       Spider (0/4) Lair:3          Orc (0/2) D:10
  Slime: Lair:5-6

Altars:
Ashenzari
Cheibriados
Dithmenos
Elyvilon
Fedhas
Gozag
Hepliaklqana
Kikubaaqudgha
Makhleb
Nemelex Xobeh
Okawaru
Qazlal
Ru
Sif Muna
Trog
Uskayaw
Vehumet
Wu Jian
Xom
Yredelemnul
Zin
The Shining One

Shops:
Lair:1 **

Annotations:
D:10 2 transporters, miilacz's ghost, novice MfGl


Innate Abilities, Weirdness & Mutations

You cannot wear most types of armour.
You are amphibious.
You can wear up to eight rings at the same time.
Your skin changes colour to match your surroundings (Stealth+).
Your rubbery body absorbs attacks. (AC +1, EV +1)
((You are camouflaged near water. (Stealth+)))
You have tentacles for arms and can constrict up to eight enemies at once.


Message History

Press: ? - help, Shift-Dir - straight line, f/p - elephant
Aim: an elephant (almost dead, 100% to hit)
The stone arrow hits the elephant!
You kill the elephant!
You now have 1487 gold pieces (gained 22).
There is a stone staircase leading down here.
You start resting.
Magic restored.
You climb downwards.
A bullfrog comes into view.
There is a stone staircase leading up here.
Okay, then.
Okay, then.
Unknown command.
The blink frog croaks.
You climb upwards.
There is a stone staircase leading down here.
This spell is dangerous to cast!
Memorise Olgreb's Toxic Radiance, consuming 4 spell levels and leaving 4?
You start memorising the spell.
You continue memorising. x4
You finish memorising.
Spell assigned to 'j'.
Okay, then.
You climb downwards.
The blink frog hits you. The blink frog closely misses you.
The cane toad stings you! The blink frog closely misses you.
The yak barely misses you. x2
The cane toad barely misses you. You block the blink frog's attack.
There is a stone staircase leading up, spattered with blood here.
The blink frog barely misses you. x2; You block the elephant's attack.
The elephant completely misses you. The yak closely misses you.
The cane toad stings you. The yak completely misses you.
The blink frog hits you!
The blink frog blinks!
You climb upwards.
There is a stone staircase leading down here.
The cane toad misses you. The blink frog hits you!! The yak gores you.
The blink frog blinks!
The blink frog blinks!
The cane toad stings you!!
* * * LOW HITPOINT WARNING * * *
The cane toad closely misses you. The yak gores you!
You die...
Your body crumbles into a pile of gold.

#...#..[####..#P........§..
#..###..............§..≈≈..
##.###...##F..#.)...≈≈§§≈§≈
##..##...#...#....≈≈≈§≈≈§≈≈
#..#.#..##.......≈≈≈≈§§§≈≈§
##..##..........≈§≈≈§§§≈§≈§
##.#####.##§....§§§≈≈≈...§§
##...##.#^..YY..≈≈§§§§..##§§
#.......<..@FY..≈§§§≈..####.
##.###.#.#.#....≈≈≈§..#....#
### #######...≈≈§≈§.##[>).#
##..≈≈§≈≈.##.[)[#
######...≈≈≈§..#.)[.#
#.#..#...≈≈§§§..####.
#........§≈≈§≈...##..
#.........≈≈§§≈≈...§≈
##........≈≈≈≈§≈§§§≈§


You could see an elephant, 2 yaks, a cane toad and a blink frog.

Vanquished Creatures
  5 hydras
  Harold (D:8)
  A boulder beetle (Lair:3)
  5 death yaks (Lair:4)
  Sonja (Lair:3)
  4 lindwurms (Lair:4)
  A manticore (D:8)
  3 elephants (Lair:4)
  3 black mambas
  4 cane toads
  A gargoyle (D:10)
  A rime drake (Lair:2)
  6 komodo dragons
  A kobold demonologist (D:9)
  2 polar bears (Lair:4)
  6 jumping spiders (Lair:3)
  2 trolls
  4 dream sheep (Lair:3)
  4 blink frogs
  2 redbacks (Lair:3)
  39 yaks
  3 wyverns
  2 basilisks (Lair:4)
  7 water moccasins
  Duvessa (D:5)
  5 orc warriors
  2 ice beasts
  5 black bears
  A hornet zombie (D:8)
  2 ogres (D:5)
  2 necrophages
  5 wolves (Lair:2)
  4 centaurs
  2 kobold brigands (D:9)
  A gnoll sergeant (D:10)
  3 wyvern zombies
  8 bullfrogs
  A scorpion (Lair:1)
  Dowan (D:5)
  A water moccasin skeleton (D:4)
  9 killer bees
  An electric eel (Lair:1)
  8 centaur zombies
  2 jellies
  4 orc priests
  2 hounds
  Crazy Yiuf (D:6)
  2 iguanas
  10 orc wizards
  Terence (D:2)
  A scorpion zombie (D:5)
  4 killer bee zombies (D:8)
  A hound zombie (D:5)
  5 gnolls (D:10)
  3 howler monkey skeletons
  9 adders
  A shadow imp (D:7)
  An ufetubus (D:6)
  2 adder skeletons (D:4)
  4 worms
  3 dart slugs
  46 orcs
  13 bats
  10 endoplasms
  3 giant cockroaches
  6 goblins
  9 hobgoblins
  12 kobolds
  6 quokkas
  8 ball pythons
  2 frilled lizards
  5 rats
346 creatures vanquished.

Vanquished Creatures (others)
  20 fungi
  45 plants
65 creatures vanquished.

Grand Total: 411 creatures vanquished

Notes
Turn   | Place    | Note
-------+----------+-------------------------------------------
     0 | D:1      | CrazyMind the Octopode Earth Elementalist began the quest
                  | for the Orb.
     0 | D:1      | Reached XP level 1. HP: 11/11 MP: 3/3
     2 | D:1      | Noticed an elf
     2 | D:1      | Noticed a spriggan
     4 | D:1      | Noticed a demonspawn
     4 | D:1      | Noticed a merfolk
     6 | D:1      | Noticed a vine stalker
     6 | D:1      | Noticed a draconian
     8 | D:1      | Noticed a palentonga
     8 | D:1      | Noticed a demigod
    10 | D:1      | Noticed a gargoyle
    10 | D:1      | Noticed a djinni
    12 | D:1      | Noticed a naga
    12 | D:1      | Noticed a vampire
    14 | D:1      | Noticed a formicid
    16 | D:1      | Noticed a troll
    16 | D:1      | Noticed an ogre
    18 | D:1      | Noticed a tengu
    20 | D:1      | Noticed a barachi
    20 | D:1      | Noticed a human
    22 | D:1      | Noticed a felid
    24 | D:1      | Noticed a minotaur
    24 | D:1      | Noticed a dwarf
    26 | D:1      | Noticed an octopode
    26 | D:1      | Noticed a ghoul
   426 | D:1      | Reached XP level 2. HP: 17/17 MP: 5/5
   429 | D:1      | Learned a level 2 spell: Passwall
   671 | D:1      | Found a faded altar of an unknown god.
  1040 | D:1      | Reached XP level 3. HP: 7/21 MP: 0/6
  1102 | D:1      | Learned a level 3 spell: Stone Arrow
  1633 | D:2      | Noticed Terence
  1760 | D:2      | Reached skill level 1 in Conjurations
  1950 | D:2      | Reached XP level 4. HP: 23/27 MP: 4/7
  2857 | D:3      | Reached skill level 1 in Fighting
  2857 | D:3      | Reached XP level 5. HP: 25/33 MP: 6/9
  4246 | D:3      | Noticed a black bear
  4508 | D:4      | Reached skill level 3 in Spellcasting
  4534 | D:4      | Noticed a black bear
  4714 | D:4      | Noticed a moth of wrath
  4756 | D:4      | Reached XP level 6. HP: 37/38 MP: 2/10
  4836 | D:4      | Noticed a wyvern
  4880 | D:4      | Killed a black bear
  5387 | D:4      | Found a bloodstained altar of Trog.
  5645 | D:3      | Killed a black bear
  5646 | D:3      | Reached skill level 5 in Earth Magic
  5646 | D:3      | Reached XP level 7. HP: 43/43 MP: 5/12
  5729 | D:4      | Killed a wyvern
  5730 | D:4      | Reached skill level 4 in Spellcasting
  5919 | D:5      | Entered Level 5 of the Dungeon
  5956 | D:5      | Reached skill level 5 in Stealth
  6038 | D:5      | Found a staircase to the Ecumenical Temple.
  6047 | Temple   | Entered the Ecumenical Temple
  6273 | Temple   | Became a worshipper of Gozag Ym Sagoz the Greedy
  6439 | D:5      | Reached XP level 8. HP: 48/48 MP: 2/15
  6536 | D:5      | Reached skill level 5 in Spellcasting
  7084 | D:5      | Noticed Duvessa
  7190 | D:5      | Noticed Dowan
  7197 | D:5      | Killed Duvessa
  7203 | D:5      | Killed Dowan
  7387 | D:6      | Reached skill level 6 in Spellcasting
  7471 | D:6      | Found a radiant altar of Vehumet.
  8163 | D:6      | Found a runed translucent door.
  8164 | D:6      | Noticed Crazy Yiuf
  8169 | D:6      | Killed Crazy Yiuf
  8481 | D:7      | Reached XP level 9. HP: 42/53 MP: 8/18
  9211 | D:2      | Killed Terence
 10026 | D:7      | Reached skill level 7 in Spellcasting
 10194 | D:7      | Learned a level 4 spell: Petrify
 10199 | D:7      | Learned a level 4 spell: Leda's Liquefaction
 10707 | D:8      | Found a basalt altar of Yredelemnul.
 10935 | D:8      | Reached skill level 1 in Throwing
 11426 | D:8      | Noticed Harold
 11426 | D:8      | Noticed a manticore
 11667 | D:8      | Found a sacrificial altar of Ru.
 11770 | D:8      | Found a broken altar of Ashenzari.
 11901 | D:9      | Reached skill level 1 in Hexes
 11955 | D:9      | Reached XP level 10. HP: 60/60 MP: 14/21
 12058 | D:9      | Found a hazy altar of Hepliaklqana.
 12071 | D:9      | Reached skill level 1 in Short Blades
 12252 | D:8      | Reached skill level 8 in Spellcasting
 12252 | D:8      | Reached skill level 5 in Conjurations
 13134 | D:9      | Found an ancient bone altar of Kikubaaqudgha.
 13178 | D:9      | Found a glowing silver altar of Zin.
 13179 | D:9      | Noticed an angel
 13643 | D:9      | Noticed a kobold demonologist
 13830 | D:8      | Killed a manticore
 13981 | D:8      | Killed Harold
 14124 | D:9      | Found a staircase to the Lair.
 14190 | D:9      | Found a stormy altar of Qazlal.
 14224 | D:9      | Killed a kobold demonologist
 14646 | D:10     | Entered Level 10 of the Dungeon
 15038 | D:10     | Reached XP level 11. HP: 64/64 MP: 23/23
 15041 | D:10     | Found a transporter.
 15041 | D:10     | Noticed miilacz's ghost (novice MfGl)
 15281 | D:10     | Reached skill level 9 in Spellcasting
 15653 | D:10     | Found a staircase to the Orcish Mines.
 16013 | D:10     | Found a transporter.
 16301 | D:10     | Reached skill level 5 in Dodging
 17197 | D:9      | Reached skill level 10 in Earth Magic
 17759 | Lair:1   | Entered Level 1 of the Lair of Beasts
 17826 | Lair:1   | Noticed a four-headed hydra
 17852 | Lair:1   | Killed a four-headed hydra
 18894 | Lair:1   | Identified the +4 spear of the Forsaken Leylines {venom,
                  | rC++ Will- Int+4 Dex+3}
 19498 | Lair:1   | Reached skill level 10 in Spellcasting
 19726 | Lair:2   | Identified the +8 falchion of Dawn {flame, rF+}
 19881 | Lair:2   | Learned a level 3 spell: Mephitic Cloud
 19885 | Lair:2   | Learned a level 3 spell: Ignite Poison
 19936 | Lair:2   | Noticed a seven-headed hydra
 19968 | Lair:1   | Reached XP level 12. HP: 13/72 MP: 19/26
 20613 | Lair:2   | Killed a seven-headed hydra
 20614 | Lair:2   | Reached skill level 1 in Poison Magic
 20694 | Lair:2   | Learned a level 2 spell: Poisonous Vapours
 20700 | Lair:2   | Learned a level 5 spell: Bolt of Magma
 21907 | Lair:3   | Noticed a boulder beetle
 21920 | Lair:3   | Killed a boulder beetle
 21921 | Lair:3   | Reached skill level 1 in Shields
 21921 | Lair:3   | Reached skill level 1 in Fire Magic
 22037 | Lair:3   | Found a hole to the Spider Nest.
 22460 | Lair:1   | Bought a potion of cancellation for 96 gold pieces
 22460 | Lair:1   | Bought a scroll of fog for 24 gold pieces
 22561 | Lair:3   | Reached skill level 5 in Transmutations
 22891 | Lair:3   | Noticed Sonja
 23103 | Lair:3   | Found a staircase to the Shoals.
 23437 | Lair:3   | Killed Sonja
 23890 | Lair:4   | Noticed a four-headed hydra
 23904 | Lair:4   | Killed a four-headed hydra
 23968 | Lair:4   | Reached skill level 11 in Spellcasting
 23970 | Lair:4   | Noticed a five-headed hydra
 24081 | Lair:4   | Reached XP level 13. HP: 79/79 MP: 18/28
 25504 | Lair:4   | Found a white marble altar of Elyvilon.
 25639 | Lair:4   | Found the +8 orange crystal plate armour {Archmagi, Int+3
                  | Clar}
 26192 | Lair:4   | Learned a level 4 spell: Olgreb's Toxic Radiance
 26197 | Lair:4   | HP: 4/81 [cane toad (24)]
 26197 | Lair:4   | Mangled by a yak

Illustrated notes

Levels and vault maps discovered:
D:1:      kb_arrival_jail, layout_basic, ebering_ecumenical_altar_petrified,
          item_on_display_a
D:2:      layout_basic, uniq_terence
D:3:      layout_basic, minmay_fractal_squares_5
D:4:      layout_gridville, tgw_trog
D:5:      layout_basic, lemuel_temple_firewalk_b, uniq_duvessa
D:6:      layout_basic, vehumet_crystals, uniq_crazy_yiuf_cottage
D:7:      layout_gridville
D:8:      layout_basic, nicolae_ru_the_path_less_chosen,
          nicolae_yredelemnul_corpse_copse, lemuel_tele_altar,
          minmay_misc_feat_columns, uniq_harold
D:9:      layout_long_grid, mainiacjoe_overflow_catwalk, zin_angel,
          lemuel_zombie_altar_kikubaaqudgha, kennysheep_mini, dpeg_oklobed_lair,
          amcnicky_mini_pool_medium
D:10:     layout_stronghold, hiddenorc2_lemuel, gammafunk_ghost_mausoleum
Temple:   oiseaux_autumnal_temple
Lair:1:   layout_regular_city, infiniplex_staircase_pool
Lair:2:   layout_cave_pods, chequers_serial_rivers_large_a,
          small_statue_intersection, infiniplex_staircase_pool_2
Lair:3:   layout_regular_city, elwin_shoals_entry_rocks,
          nicolae_spider_entry_tight_spaces, uniq_sonja
Lair:4:   layout_loops_ring, basic_altar, serial_bayou_ford_a,
          minmay_lindwurm_lava
Lair:5:   layout_misc_corridors

Skill      XL: |  1  2  3  4  5  6  7  8  9 10 11 12 13 |
---------------+----------------------------------------+-----
Stealth        | 3 4 5 7 8 9 |  9.2
Conjurations   | 1 2 4 5 6 7 8 |  8.7
Fighting       | 1 2 3 4 |  4.4
Earth Magic    | 4 5 7 8 9 10 | 10.9
Spellcasting   | 3 4 6 7 8 10 11 | 11.7
Dodging        | 3 4 5 6 7 |  7.0
Throwing       | 1 2 |  2.0
Hexes          | 1 2 |  2.0
Short Blades   | 2 |  2.0
Transmutations | 2 4 5 |  5.3
Poison Magic   | 3 4 |  4.0
Shields        | 1 |  1.0
Fire Magic     | 2 3 |  3.9

Action                   |  1- 3 |  4- 6 |  7- 9 | 10-12 | 13-15 || total
-------------------------+-------+-------+-------+-------+-------++-------
Melee: Dagger            |    64 |   106 |    50 |   167 |    28 ||   415
       Constrict         |    13 |    20 |    10 |    35 |     6 ||    84
       Unarmed           |     1 |       |       |       |       ||     1
       Tentacles         |     5 |    15 |     9 |    31 |     4 ||    64
Throw: Dart              |       |     4 |    10 |    15 |       ||    29
       Boomerang         |       |       |       |     6 |     1 ||     7
 Cast: Sandblast         |    13 |    36 |    57 |    65 |     8 ||   179
       Stone Arrow       |       |     5 |    69 |   167 |    24 ||   265
       Passwall          |       |       |     2 |     5 |     1 ||     8
       Leda's Liquefacti |       |       |       |     3 |     2 ||     5
       Petrify           |       |       |       |    11 |    11 ||    22
       Poisonous Vapours |       |       |       |    17 |    12 ||    29
       Mephitic Cloud    |       |       |       |     8 |     3 ||    11
       Ignite Poison     |       |       |       |     2 |     7 ||     9
       Bolt of Magma     |       |       |       |     2 |     3 ||     5
Invok: Call Merchant     |       |       |       |     2 |       ||     2
Evoke: Wand              |       |       |       |     2 |       ||     2
  Use: Potion            |       |     1 |       |     4 |       ||     5
       Scroll            |       |     2 |     4 |     6 |     8 ||    20
 Stab: Sleeping          |    10 |    11 |    10 |    13 |     4 ||    48
       Distracted        |       |       |     1 |       |       ||     1
       Petrified         |       |       |       |    21 |     9 ||    30
       Confused          |       |       |       |     1 |       ||     1
Armor: Skin              |    15 |     8 |    13 |     7 |       ||    43
Dodge: Dodged            |    58 |    68 |    77 |   159 |    38 ||   400
Block: Other             |       |       |       |    44 |     9 ||    53
